Map: Deathaura LE

Players

HeroMarine - Winner!

  • Race: Terran Terran
  • League: Master
  • Spawn Location: 11:00

ShoWTimE

  • Race: Protoss Protoss
  • League: Master
  • Spawn Location: 5:00

Event: DreamHack SC2 Masters 2020 Fall

VOD

Have the link to the VOD?

Description

Time

  • Played on: Sept. 11, 2020, 1:25 p.m.
  • Length: 12:26

All games in this series

Show
View Real Time Build Order
Export as new Build Order

HeroMarine Terran - Winner!

Build Orders:  

Get SALT Encoding   

  12  0:00  SCV  
  13  0:12  SCV  
  14  0:17  Supply Depot  
  14  0:24  SCV  
  15  0:39  SCV  
  15  0:40  Barracks  
  16  0:44  Refinery  
  16  0:51  SCV  
  16  0:53  Refinery  
  17  1:03  SCV  
  18  1:06  Supply Depot  
  18  1:15  SCV  
  19  1:26  Marine  
  19  1:27  Orbital Command  
  20  1:40  Factory  
  20  1:46  Reaper  
  21  1:53  SCV  
  22  2:05  SCV  
  23  2:17  SCV  
  23  2:18  Command Center  
  24  2:24  Barracks Reactor  
  24  2:27  Hellion  
  24  2:29  SCV  
  27  2:36  Starport  
  27  2:41  SCV  
  28  2:44  Supply Depot  
  28  2:49  Hellion  
  30  2:53  SCV  
  31  3:05  Marine x2  
  31  3:06  SCV  
  31  3:11  Widow Mine  
  31  3:12  Medivac  
  38  3:18  SCV  
  39  3:30  SCV, Marine x2  
  39  3:31  Orbital Command  
  39  3:32  Factory Tech Lab  
  40  3:42  SCV  
  40  3:47  Marine x2  
  43  3:54  SCV  
  44  3:56  Raven, Factory Tech Lab  
  44  3:57  SCV, Barracks  
  44  3:58  Supply Depot  
  47  4:06  SCV, Marine x2  
  51  4:10  SCV  
  51  4:14  Siege Tank  
  54  4:17  Barracks  
  54  4:23  SCV x2  
  56  4:27  Marine  
  56  4:28  Marine  
  56  4:35  SCV x2  
  57  4:38  Supply Depot, Refinery  
  57  4:45  Marine x2  
  55  4:47  SCV x2  
  55  4:49  Engineering Bay  
  55  4:52  Stimpack  
  59  4:55  Marine  
  59  4:59  SCV x2, Starport Reactor  
  62  5:02  Factory Reactor  
  62  5:03  Marine  
  62  5:04  Supply Depot  
  63  5:10  Marine  
  63  5:11  SCV x2  
  63  5:13  Supply Depot  
  66  5:15  Combat Shield  
  66  5:19  Terran Infantry Weapons Level 1  
  66  5:20  Marine x2  
  68  5:22  Refinery  
  68  5:23  SCV, Marine  
  68  5:25  SCV  
  70  5:30  Marine  
  70  5:31  Supply Depot  
  71  5:37  Medivac  
  71  5:38  Marine x2  
  71  5:41  Marine  
  76  5:43  Medivac  
  76  5:47  Supply Depot  
  76  5:48  Marine  
  76  5:49  Widow Mine x2  
  83  5:51  SCV x2  
  83  5:56  Supply Depot  
  85  5:57  Marauder  
  85  5:59  Marauder, Marine  
  90  6:06  Marine  
  91  6:16  Medivac x2, Widow Mine x2, Marine  
  91  6:17  Supply Depot  
  100  6:22  Marauder x2  
  104  6:26  Marine  
  105  6:34  Command Center, Marine  
  106  6:43  Marauder x2  
  106  6:44  Marine  
  108  6:52  Marine  
  106  6:57  SCV x2  
  106  6:59  Medivac, Widow Mine  
  106  7:00  Medivac, Widow Mine  
  111  7:04  Marauder x2  
  115  7:10  Marine x2  
  118  7:18  Supply Depot  
  118  7:19  Supply Depot  
  118  7:21  Widow Mine  
  118  7:23  Barracks  
  118  7:24  Widow Mine, Barracks  
  118  7:26  SCV x2, Marauder  
  118  7:28  Marauder  
  126  7:39  Marine x2  
  126  7:40  SCV x2, Medivac  
  126  7:43  Widow Mine  
  134  7:45  Widow Mine  
  134  7:55  SCV x2  
  134  7:57  Marauder x2, Marine x2  
  134  7:58  Medivac  
  138  7:59  Orbital Command  
  138  8:07  SCV x2  
  138  8:10  Barracks Reactor  
  138  8:11  Barracks Tech Lab  
  140  8:14  Widow Mine  
  140  8:17  Widow Mine  
  140  8:19  Medivac, Marauder x2  
  150  8:25  SCV x2  
  152  8:28  Medivac  
  152  8:29  Marine x2  
  156  8:36  Widow Mine  
  156  8:41  Widow Mine  
  156  8:42  Marauder  
  156  8:44  Marauder  
  156  8:47  Marine  
  157  8:56  Marine x2  
  157  8:57  Supply Depot  
  157  8:58  Marauder, Widow Mine  
  157  9:00  Armory  
  163  9:03  Widow Mine  
  163  9:04  Marauder  
  163  9:08  Marauder  
  163  9:14  Marine x2  
  154  9:19  Marauder, Marine  
  154  9:21  SCV  
  154  9:22  SCV x2, Refinery x2  
  154  9:23  Ghost Academy  
  151  9:25  Marauder  
  151  9:27  Liberator  
  151  9:29  Widow Mine x2  
  151  9:30  Marauder  
  148  9:40  Marauder  
  148  9:45  SCV x2  
  149  9:46  SCV  
  149  9:47  Marauder  
  149  9:51  Marauder  
  152  9:55  Engineering Bay  
  152  9:56  Marine  
  152  10:02  Marauder  
  154  10:07  Ghost  
  154  10:12  Ghost  
  144  10:19  Marine x2  
  134  10:21  Marine x2, Terran Infantry Armor Level 1  
  134  10:22  Ghost  
  134  10:27  Widow Mine x2  
  137  10:36  Ghost, Marine  
  137  10:37  Marine  
  137  10:40  Marine x2  
  137  10:41  Marauder  
  137  10:42  Enhanced Shockwaves  
  143  10:49  Widow Mine x2  
  149  10:52  Marauder  
  149  10:54  Marine x2  
  155  10:58  Marine x2  
  155  11:00  Viking x2  
  155  11:03  Command Center, Bunker, Marauder  
  159  11:05  Marauder  
  159  11:08  SCV x2  
  159  11:09  SCV  
  164  11:12  Marine x2  
  164  11:13  Marauder  
  164  11:16  Marine  
  164  11:18  Widow Mine x2  
  173  11:24  Marauder  
  171  11:30  Medivac  
  173  11:33  Medivac  
  173  11:36  Concussive Shells  
  172  11:48  Marauder  
  172  11:50  Marauder, Marine  
  172  11:52  Marine  
  173  11:59  Supply Depot x2  
  173  12:00  Marine x2  
  181  12:01  Marauder, Widow Mine x2  
  181  12:08  Marine  
Show
View Real Time Build Order
Export as new Build Order

ShoWTimE Protoss 

Build Orders: 1 Gate Expand, Phoenix Opening, Blink Stalkers, Chargelot Immortal 

Get SALT Encoding   

  12  0:00  Probe  
  13  0:12  Probe  
  14  0:17  Pylon  
  14  0:24  Probe (Chrono Boost)  
  15  0:36  Probe (Chrono Boost), Gateway  
  16  0:44  Probe (Chrono Boost)  
  16  0:46  Assimilator  
  17  0:51  Probe  
  18  1:03  Probe  
  19  1:15  Probe  
  20  1:23  Cybernetics Core  
  20  1:33  Nexus  
  20  1:35  Probe  
  21  1:43  Pylon  
  21  1:48  Probe  
  21  1:51  Assimilator  
  22  2:00  Probe, Sentry (Chrono Boost)  
  25  2:09  Shield Battery  
  25  2:13  Warp Gate  
  25  2:14  Probe  
  26  2:17  Adept (Chrono Boost)  
  28  2:26  Probe  
  28  2:27  Phoenix  
  29  2:39  Probe  
  30  2:44  Probe, Stalker  
  30  2:50  Twilight Council  
  34  2:52  Probe (Chrono Boost)  
  34  2:57  Probe (Chrono Boost)  
  35  3:05  Gateway  
  36  3:08  Probe x2 (Chrono Boost)  
  36  3:12  Probe (Chrono Boost)  
  37  3:15  Probe  
  39  3:20  Blink (Chrono Boost)  
  39  3:23  Probe  
  40  3:27  Probe  
  41  3:35  Probe  
  41  3:39  Probe  
  41  3:40  Robotics Facility  
  43  3:43  Pylon  
  43  3:47  Probe  
  44  3:51  Probe  
  45  3:56  Nexus  
  45  3:59  Probe  
  45  4:00  Pylon  
  46  4:03  Probe  
  46  4:05  Stalker  
  46  4:09  Assimilator  
  49  4:13  Stalker  
  49  4:16  Pylon  
  51  4:18  Probe  
  51  4:19  Probe  
  51  4:23  Phoenix  
  53  4:30  Probe  
  53  4:31  Probe  
  53  4:32  Stalker  
  55  4:42  Probe  
  55  4:43  Probe  
  56  4:53  Pylon  
  56  4:54  Probe  
  56  4:55  Probe  
  56  4:57  Stalker  
  56  4:58  Stalker  
  56  4:59  Observer  
  63  5:06  Probe  
  64  5:07  Probe, Gateway  
  64  5:10  Gateway  
  64  5:12  Probe, Charge  
  66  5:18  Probe  
  67  5:21  Forge  
  67  5:24  Probe  
  67  5:25  Probe  
  69  5:30  Probe  
  69  5:34  Gateway  
  70  5:36  Observer  
  70  5:37  Protoss Ground Armor Level 1 (Chrono Boost)  
  70  5:41  Phoenix  
  70  5:42  Gateway  
  71  5:46  Probe x2  
  71  5:48  Probe, Sentry, Gateway x2  
  76  5:53  Sentry  
  76  5:57  Pylon  
  78  5:58  Probe  
  78  6:01  Probe x2  
  81  6:05  Immortal (Chrono Boost)  
  81  6:10  Probe  
  81  6:11  Assimilator  
  86  6:12  Pylon  
  86  6:15  Shield Battery  
  86  6:17  Pylon  
  86  6:22  Zealot x2  
  86  6:24  Zealot  
  86  6:25  Zealot  
  94  6:32  Zealot  
  95  6:36  Zealot  
  95  6:37  Immortal (Chrono Boost)  
  101  6:46  Zealot x3  
  107  6:49  Pylon  
  102  6:58  Zealot x3  
  100  7:04  Observer  
  100  7:05  Stalker x2  
  100  7:08  Probe x3  
  105  7:12  Observer  
  108  7:15  Zealot x3  
  108  7:20  Pylon  
  108  7:21  Templar Archives  
  114  7:27  Protoss Ground Weapons Level 1 (Chrono Boost)  
  114  7:29  Probe x3  
  117  7:35  Zealot x3  
  123  7:40  Assimilator  
  123  7:42  Assimilator  
  122  7:47  Zealot x2  
  119  7:54  Psionic Storm  
  119  7:55  Zealot x4  
  119  7:58  Observer  
  121  8:01  Probe x2  
  121  8:02  Pylon  
  123  8:07  High Templar  
  125  8:17  Pylon  
  125  8:20  Probe x3  
  125  8:24  High Templar  
  125  8:25  Pylon, High Templar  
  132  8:28  Pylon  
  132  8:32  Probe x3  
  133  8:35  Warp Prism  
  129  8:44  Probe x2  
  129  8:47  Zealot x4  
  139  8:57  High Templar x2  
  139  8:58  Zealot x2  
  139  9:01  Probe x2  
  119  9:11  Immortal  
  117  9:19  Zealot x6  
  115  9:29  Archon, Observer  
  115  9:30  High Templar x2  
  109  9:42  Zealot x6  
  117  9:48  Immortal (Chrono Boost)  
  119  9:56  Protoss Ground Armor Level 2 (Chrono Boost)  
  117  10:02  Stalker x4  
  117  10:03  Zealot x4  
  117  10:04  Probe  
  134  10:07  Observer  
  134  10:13  Archon  
  116  10:26  High Templar x4  
  124  10:33  Nexus  
  124  10:34  Pylon  
  124  10:40  Robotics Bay  
  124  10:41  Sentry x2  
  124  10:42  Zealot x2  
  132  10:43  Robotics Facility  
  132  10:46  Probe x2  
  132  10:47  Probe  
  135  10:53  Photon Cannon  
  135  10:58  Probe  
  135  11:03  Zealot x6  
  148  11:08  Shield Battery, Pylon  
  148  11:18  Pylon  
  146  11:25  Disruptor (Chrono Boost)  
  146  11:31  Stalker x3  
  153  11:35  Observer  
  137  11:50  Disruptor (Chrono Boost)  
  137  11:51  Zealot x5  
  139  12:05  Zealot x3  
  140  12:15  Zealot x3  
  117  12:16  Archon  
  117  12:19  Zealot x2  

Tags
 
Add a new tag
Caveats
  • Supply blocks, unpowered buildings, or Contaminate may cause inaccurate times.
  • Supply counts are checked every 10 seconds.